 Dungeon Crawl Stone Soup version 0.28-a0-957-g42eb19b844 (webtiles) character file.

Game seed: 5828778746308283679

32 horus123 the Skirmisher (level 3, 0/29 HPs)
             Began as a Demonspawn Abyssal Knight on Dec 1, 2021.
             Was a Believer of Lugonu.
             Slain by Terence (4 damage)
             ... on level 2 of the Dungeon.
             The game lasted 00:02:26 (1434 turns).

horus123 the Skirmisher (Demonspawn Abyssal Knight) Turns: 1434, Time: 00:02:26

Health: 0/29       AC:  4    Str: 13    XL:     3   Next: 10%
Magic:  5/5        EV: 11    Int: 13    God:    Lugonu [**....]
Gold:   28         SH:  4    Dex: 13    Spells: 1/2 levels left

rFire   . . .      SeeInvis .   a - +1 falchion
rCold   . . .      Faith    .   (no shield)
rNeg    . . .      Spirit   .   b - +1 leather armour
rPois   .          Reflect  .   (no helmet)
rElec   .          Harm     .   (no cloak)
rCorr   .          Rampage  .   (no gloves)
Will    .....                   (no boots)
Stlth   +.........              (no amulet)
HPRegen 0.09/turn               (no ring)
MPRegen 0.09/turn               (no ring)

@: no status effects
A: condensation shield
a: Renounce Religion, Depart the Abyss, Bend Space


You were on level 2 of the Dungeon.
You worshipped Lugonu.
Lugonu was pleased with you.
You visited 1 branch of the dungeon, and saw 2 of its levels.
You visited the Abyss 1 time.

You collected 28 gold pieces.

Inventory:

Hand Weapons
 a - a +1 falchion (weapon)
Armour
 b - a +1 leather armour (worn)
 d - a +0 chain mail
Scrolls
 f - a scroll of noise {unknown}
Potions
 c - 2 potions of curing {unknown}
 e - a potion of heal wounds {unknown}


   Skills:
 - Level 3.4 Fighting
 - Level 2.3 Long Blades
 - Level 2.1 Armour
 - Level 1.0 Dodging
 + Level 0.3 Spellcasting
 - Level 2.7 Invocations


You had one spell level left.
You knew the following spells:

 Your Spells              Type           Power      Damage    Failure   Level
a - Slow                  Hex            0%         N/A       36%         1

Your spell library contained the following spells:

 Spells                   Type           Power      Damage    Failure   Level
 Confusing Touch          Hex            0%         N/A       75%         3
 Vampiric Draining        Necr           0%         2d6       75%         3


Dungeon Overview and Level Annotations

Branches:
Dungeon (2/15)

Altars:

Annotations:
D:2 Terence


Innate Abilities, Weirdness & Mutations

A meltable shield of frost defends you. (SH +4)


Message History

You hit Terence.
Terence is moderately wounded.
You block Terence's attack.
You barely miss Terence.
Terence is moderately wounded.
Terence closely misses you.
You hit Terence but do no damage.
Terence is moderately wounded.
Terence hits you with a +0 hand axe.
You hit Terence but do no damage.
Terence is moderately wounded.
Terence closely misses you. Terence misses you.
You hit Terence.
Terence is heavily wounded.
Terence hits you but does no damage.
You slash Terence!
Terence is almost dead.
Terence hits you with a +0 hand axe!
You hit Terence but do no damage.
Terence is almost dead.
Terence completely misses you.
You hit Terence.
Terence is almost dead.
You block Terence's attack.
You closely miss Terence.
Terence is almost dead.
Terence hits you with a +0 hand axe! Terence hits you with a +0 hand axe.
* * * LOW HITPOINT WARNING * * *
You are too injured to fight recklessly!
You are too injured to fight recklessly!
You closely miss Terence.
Terence is almost dead.
Terence completely misses you.
You closely miss Terence.
Terence is almost dead.
Terence closely misses you.
You hit Terence but do no damage.
Terence is almost dead.
Terence hits you with a +0 hand axe.
You die...

#.######.##.#
#...........#
########.#### #.#
#.# #.### #######
##...##
####......###.###.#
#..@..........# #.#
#.##@####.###.###.#
#.# ... ##....###
#.# #### #........
#.# ##...#### #.#
##.## #.# #.# #.#
#.# #.# #+#


You could see Terence.

Vanquished Creatures
  4 bats
  6 endoplasms
  3 giant cockroaches
  2 goblins (D:1)
  4 hobgoblins
  A kobold (D:1)
  4 ball pythons (D:1)
  A frilled lizard (D:1)
  3 rats
28 creatures vanquished.

Notes
Turn   | Place    | Note
-------+----------+-------------------------------------------
     0 | Abyss:1  | horus123 the Demonspawn Abyssal Knight began the quest for
                  | the Orb.
     0 | Abyss:1  | Reached XP level 1. HP: 18/18 MP: 2/2
    16 | D:1      | Escaped the Abyss
   402 | D:1      | Gained mutation: A meltable shield of frost defends you.
                  | (SH +4) [demonic ancestry]
   402 | D:1      | Reached XP level 2. HP: 24/24 MP: 3/3
   490 | D:1      | Reached ** piety under Lugonu
   627 | D:1      | Learned a level 1 spell: Slow
  1123 | D:2      | Reached skill level 1 in Dodging
  1133 | D:2      | Reached XP level 3. HP: 20/29 MP: 2/5
  1419 | D:2      | Noticed Terence
  1434 | D:2      | Slain by Terence

Illustrated notes

Levels and vault maps discovered:
D:1:      dpeg_arrival_rhombus, layout_loops_ring
D:2:      layout_loops_corners, minmay_small_reverse_x, uniq_terence

Skill      XL: |  1  2 |
---------------+-------+-----
Long Blades    | 2 |  2.3
Armour         | 2 |  2.1
Dodging        | 1 |  1.0
Fighting       | |  3.4
Spellcasting   | |  0.3
Invocations    | |  2.7

Action                   || total
-------------------------++-------
Melee: Falchion          ||   105
Invok: Bend Space        ||     2
  Use: Scroll            ||     2
 Stab: Sleeping          ||     2
Armor: Leather armour    ||    29
Dodge: Dodged            ||    51
Block: Other             ||    17

Table legend: (Time is in decaauts)
 A = Elapsed time spent in this place.
 B = Non-inter-level travel time spent in this place.
 C = Inter-level travel time spent in this place.
 D = Time resting spent in this place.
 E = Time spent auto-exploring this place.
 F = Levels seen in this place.
 G = Mean time per level.
                   A        B        C        D        E       F      G
               +--------+--------+--------+--------+--------+-----+--------+
         Total |   1453 |   1424 |     29 |    127 |   1038 |   3 |  484.3 |
       Dungeon |   1437 |   1408 |     29 |    127 |   1035 |   2 |  718.5 |
         Abyss |     16 |     16 |      0 |      0 |      3 |   1 |   16.0 |
               +--------+--------+--------+--------+--------+-----+--------+

Top non-repeatable levels by time:
     D:1: 1064 daAuts
     D:2: 373 daAuts
 Abyss:1: 16 daAuts
